 Dungeon Crawl Stone Soup version 0.22.1-1-ga44c0e56f4 (webtiles) character file.

140 AlolanVulpixel the Firebug (level 5, 0/29 HPs)
             Began as a Gargoyle Fire Elementalist on Sept 26, 2018.
             Slain by a gnoll
             ... wielding a +0 club
              (5 damage)
             ... on level 4 of the Dungeon.
             The game lasted 00:08:38 (2067 turns).

AlolanVulpixel the Firebug (GrFE)                   Turns: 2067, Time: 00:08:39

Health: 0/29       AC:  6    Str: 12    XL:     5   Next: 23%
Magic:  0/8        EV: 12    Int: 16    God:
Gold:   107        SH:  0    Dex: 10    Spells: 5/9 levels left

rFire    + . .     SeeInvis .   d - +0 dagger (elec)
rCold    . . .     Gourm    .   (no shield)
rNeg     + . .     Faith    .   a - +0 robe
rPois    ∞         Spirit   .   (no helmet)
rElec    +         Reflect  .   (no cloak)
rCorr    .         Harm     .   (no gloves)
MR       .....                  (no boots)
Stlth    ++........             (no amulet)
HPRegen  0.09/turn              k - ring of protection from fire
MPRegen  0.11/turn              (no ring)

@: no status effects
A: negative energy resistance 1, electricity resistance, unbreathing,
petrification resistance, rot immunity, AC +4
a: no special abilities


You were on level 4 of the Dungeon.
You were not hungry.

You visited 1 branch of the dungeon, and saw 4 of its levels.

You collected 107 gold pieces.

Inventory:

Hand Weapons
 d - a +0 dagger of electrocution (weapon)
 p - a +0 blowgun
Missiles
 q - 15 poisoned needles
Armour
 a - a +0 robe (worn)
Jewellery
 k - a ring of protection from fire (left hand)
 o - an uncursed ring of positive energy {unknown}
Wands
 r - a wand of scattershot (6)
Scrolls
 b - 6 scrolls of identify {unknown}
 e - a scroll of amnesia {unknown}
 i - 2 scrolls of immolation {unknown}
 j - 2 scrolls of magic mapping {unknown}
 l - a scroll of remove curse {unknown}
 m - a scroll of fear {unknown}
Potions
 f - a potion of ambrosia {unknown}
 g - a potion of agility {unknown}
 h - a potion of curing {unknown}
 n - a potion of invisibility {unknown}
 s - a potion of cancellation {unknown}
Comestibles
 c - 2 rations


   Skills:
 + Level 1.2 Fighting
 + Level 0.3 Short Blades
 + Level 0.7 Throwing
 + Level 2.2 Dodging
 + Level 3.0 Stealth
 + Level 0.1 Unarmed Combat
 * Level 2.5 Spellcasting
 * Level 2.1 Conjurations
 * Level 3.7 Fire Magic


You had 5 spell levels left.
You knew the following spells:

 Your Spells              Type           Power        Failure   Level  Hunger
a - Flame Tongue          Conj/Fire      ##...        6%          1    #......
b - Conjure Flame         Conj/Fire      ##......     19%         3    ###....

Your spell library contained the following spells:

 Spells                   Type           Power        Failure   Level  Hunger
 Throw Flame              Conj/Fire      ##....       9%          2    ##.....
 Inner Flame              Hex/Fire       #.......     26%         3    ###....
 Sticky Flame             Conj/Fire      ##......     52%         4    #####..
 Fireball                 Conj/Fire      ##........   86%         5    ######.


Dungeon Overview and Level Annotations

Branches:
Dungeon (4/15)
 Temple: D:4-7

Altars:
Cheibriados


Innate Abilities, Weirdness & Mutations

You are resistant to torment.
Your stone body is resilient. (AC +4)
You are immune to poison.
You resist negative energy. (rN+)
You are resistant to electric shocks. (rElec)
You can survive without breathing.
You are immune to petrification.
You are immune to rotting.


Message History

The gnoll is heavily wounded.
The gnoll hits you with a club. The gnoll hits you.
The gnoll hits you from afar with a spear.
The gnoll closely misses you.
Casting: Flame Tongue (safe; 6% risk of failure)
Confirm with . or Enter, or press ? or * to list all spells.
Aiming: Flame Tongue (safe; 6% risk of failure)
Press: ? - help, Shift-Dir - straight line, f - gnoll, p - gnoll
Aim: a gnoll, wielding a spear (moderately wounded)
The flame tongue hits the gnoll.
The gnoll appears unharmed.
The gnoll is moderately wounded.
The gnoll hits you but does no damage. The gnoll barely misses you. x2
The gnoll hits you.
* * * LOW HITPOINT WARNING * * *
Unknown command.
You are too injured to fight recklessly!
You hear the crackle of electricity.
d - a +0 dagger of electrocution (weapon)
The gnoll hits you with a club.
You die...

#..#..#.# .....#.##
..... .# # #...##.#
#.#.... .# #.#...#
.####..
..###...#.##g......
.......<.a.@†gZ%..(
..###......gg......
#...#..(.####..
#..#...#.#
#..#.#.#.#
....#.#.#.#
#.#.....[..#
..#....#####


You could see a worker ant, 4 gnolls and a hound skeleton.

Vanquished Creatures
  A howler monkey (D:4)
  6 adders
  2 dart slugs (D:3)
  A ball python (D:2)
  6 bats
  2 giant cockroaches
  4 goblins
  4 hobgoblins
  12 kobolds
  8 rats
46 creatures vanquished.

Notes
Turn   | Place    | Note
-------+----------+-------------------------------------------
     0 | D:1      | AlolanVulpixel the Gargoyle Fire Elementalist began the
                  | quest for the Orb.
     0 | D:1      | Reached XP level 1. HP: 10/10 MP: 3/3
   130 | D:1      | Reached XP level 2. HP: 11/15 MP: 5/5
   618 | D:2      | Reached XP level 3. HP: 12/19 MP: 6/6
   854 | D:2      | Learned a level 3 spell: Conjure Flame
   908 | D:2      | Reached skill level 1 in Fighting
   957 | D:2      | Reached XP level 4. HP: 21/25 MP: 7/7
  1415 | D:2      | You fall through a shaft!
  1658 | D:3      | Found a snail-covered altar of Cheibriados.
  2059 | D:4      | Reached XP level 5. HP: 28/29 MP: 3/8
  2067 | D:4      | Slain by a gnoll

Skill      XL: |  1  2  3  4 |
---------------+-------------+-----
Dodging        | 2 |  2.2
Fighting       | 1 |  1.2
Stealth        | 3 |  3.0
Conjurations   | 2 |  2.1
Short Blades   | |  0.3
Throwing       | |  0.7
Unarmed Combat | |  0.1
Spellcasting   | |  2.5
Fire Magic     | |  3.7

Action                   |  1- 3 |  4- 6 || total
-------------------------+-------+-------++-------
Melee: Dagger            |    88 |    18 ||   106
       Unarmed           |     2 |       ||     2
 Fire: Blowgun           |       |    38 ||    38
 Cast: Flame Tongue      |     6 |    28 ||    34
       Conjure Flame     |       |     2 ||     2
 Stab: Sleeping          |     6 |       ||     6
  Eat: Ration            |       |     2 ||     2
Armor: Robe              |    39 |    15 ||    54
Dodge: Dodged            |    88 |    50 ||   138
